General information
- name: BNet
- type: Ladder team game (AT/RT)
- host: Battle.net
- saver: RodAlmighty
map: TwilightRuins
- players: 8
- length: 39:48
- speed: Fast
- version: 1.26 W3XP
- replay type: Public
» download(220 KB)
Players
team 1 (loser)

»
ROFLMYTEAMSUCKS (
blue | 50 APM | 1427 actions | 28:34)
4 Archmage
2 Summon Water Elemental
2 Brilliance Aura
2 Mountain King
1 Storm Bolt
1 Thunder Clap
» actions
| Assign group hotkey | 22 | |
| Basic commands | 30 | |
| Build / train | 72 | |
| Enter build submenu | 28 | |
| Enter hero's abilities submenu | 6 | |
| Right click | 515 | |
| Select / deselect | 330 | |
| Select group hotkey | 342 | |
| Use ability | 82 | |
1427 total
» units
| Peasant | 28 | |
| Footman | 7 | |
| Priest | 4 | |
| Gryphon Rider | 3 | |
| Dragonhawk Rider | 9 | |
51 total
» upgrades
| Defend | 1 | |
| Lumber Harvesting | 2 | |
| Priest Training | 2 | |
| Swords | 1 | |
| Armor | 1 | |
| Cloud | 1 | |
8 total
» buildings
| Farm | 17 | |
| Altar of Kings | 1 | |
| Barracks | 2 | |
| Lumber Mill | 1 | |
| Keep | 1 | |
| Town Hall | 1 | |
| Arcane Vault | 1 | |
| Blacksmith | 1 | |
| Arcane Sanctum | 1 | |
| Castle | 1 | |
| Gryphon Aviary | 3 | |
30 total
» build order
00:32 Farm
00:37 Altar of Kings
00:39 Barracks
00:44 Barracks
00:50 Farm
01:24 Lumber Mill
02:13 Farm
03:08 Farm
04:43 Keep
04:47 Town Hall
04:55 Arcane Vault
05:14 Blacksmith
07:36 Arcane Sanctum
08:39 Castle
08:56 Gryphon Aviary
08:58 Gryphon Aviary
09:00 Gryphon Aviary
11:55 Farm
11:56 Farm
11:57 Farm
11:59 Farm
12:00 Farm
12:02 Farm
18:00 Farm
22:24 Farm
22:25 Farm
22:27 Farm
24:16 Farm
24:18 Farm
25:45 Farm
» items
| Scroll of Town Portal | 1 | |
| Scroll of Protection | 1 | |
| Scroll of Healing | 1 | |
3 total
ProMusicMan (
yellow | 53 APM | 2048 actions | 39:00)
4 Archmage
2 Summon Water Elemental
2 Brilliance Aura
» actions
| Assign group hotkey | 129 | |
| Basic commands | 453 | |
| Build / train | 89 | |
| Enter build submenu | 46 | |
| Enter hero's abilities submenu | 4 | |
| Give item / drop item | 4 | |
| Remove unit from queue | 1 | |
| Right click | 593 | |
| Select / deselect | 375 | |
| Select group hotkey | 238 | |
| Use ability | 116 | |
2048 total
» units
| Peasant | 13 | |
| Footman | 5 | |
| Goblin Sapper | 15 | |
| Goblin Shredder | 3 | |
| Gryphon Rider | 9 | |
| Goblin Zeppelin | 1 | |
46 total
» upgrades
| Masonry | 3 | |
| Animal War Training | 1 | |
| Swords | 3 | |
| Armor | 3 | |
| Storm Hammers | 1 | |
| Cloud | 1 | |
| Lumber Harvesting | 1 | |
13 total
» buildings
| Altar of Kings | 1 | |
| Barracks | 1 | |
| Farm | 10 | |
| Arcane Vault | 1 | |
| Lumber Mill | 1 | |
| Keep | 1 | |
| Town Hall | 2 | |
| Scout Tower | 22 | |
| Guard Tower | 6 | |
| Castle | 1 | |
| Gryphon Aviary | 4 | |
| Blacksmith | 2 | |
52 total
» build order
00:52 Altar of Kings
00:53 Barracks
01:04 Farm
01:06 Farm
01:20 Farm
02:00 Farm
03:25 Arcane Vault
03:31 Lumber Mill
04:38 Keep
04:49 Town Hall
04:53 Scout Tower
04:54 Scout Tower
04:56 Scout Tower
04:56 Scout Tower
05:24 Guard Tower
05:31 Guard Tower
06:29 Farm
06:41 Scout Tower
06:42 Scout Tower
06:43 Scout Tower
06:45 Scout Tower
08:10 Castle
08:18 Guard Tower
10:17 Gryphon Aviary
10:17 Gryphon Aviary
10:18 Gryphon Aviary
10:18 Gryphon Aviary
10:22 Blacksmith
10:26 Blacksmith
10:31 Farm
13:17 Farm
13:20 Farm
14:23 Scout Tower
14:24 Scout Tower
14:24 Scout Tower
14:26 Scout Tower
14:27 Scout Tower
14:28 Scout Tower
14:28 Scout Tower
15:27 Guard Tower
15:48 Guard Tower
16:08 Scout Tower
16:10 Scout Tower
16:11 Scout Tower
16:12 Scout Tower
16:15 Scout Tower
16:17 Scout Tower
16:17 Scout Tower
17:32 Guard Tower
19:56 Town Hall
21:54 Farm
21:54 Farm
» items
| Mechanical Critter | 2 | |
| Periapt of Vitality | 1 | |
| Boots of Speed | 3 | |
| Staff of Teleportation | 3 | |
| Potion of Lesser Invulnerability | 1 | |
| Scroll of Town Portal | 4 | |
14 total
rockstone (
purple | 38 APM | 1499 actions | 39:00)
5 Blademaster
3 Critical Strike
1 Wind Walk
1 Mirror Image
1 Shadow Hunter
1 Healing Wave
» actions
| Assign group hotkey | 18 | |
| Basic commands | 23 | |
| Build / train | 75 | |
| ESC pressed | 3 | |
| Enter build submenu | 23 | |
| Enter hero's abilities submenu | 6 | |
| Give item / drop item | 2 | |
| Remove unit from queue | 2 | |
| Right click | 615 | |
| Select / deselect | 465 | |
| Select group hotkey | 168 | |
| Use ability | 99 | |
1499 total
» units
| Peon | 8 | |
| Grunt | 4 | |
| Goblin Shredder | 1 | |
| Raider | 7 | |
| Wind Rider | 6 | |
| Goblin Sapper | 3 | |
29 total
» upgrades
| Ensnare | 1 | |
| Melee Weapons | 3 | |
| Pillage | 1 | |
| Armor | 3 | |
| Spiked Barricades | 3 | |
| Backpack | 1 | |
| Reinforced Defenses | 1 | |
| Envenomed Spears | 1 | |
| Ranged Weapons | 2 | |
16 total
» buildings
| Altar of Storms | 1 | |
| Orc Burrow | 6 | |
| Barracks | 1 | |
| Voodoo Lounge | 1 | |
| War Mill | 2 | |
| Stronghold | 1 | |
| Great Hall | 8 | |
| Fortress | 1 | |
| Beastiary | 2 | |
| Watch Tower | 10 | |
33 total
» build order
00:09 Altar of Storms
00:12 Orc Burrow
00:53 Barracks
00:58 Voodoo Lounge
02:00 Orc Burrow
02:22 War Mill
04:40 Stronghold
05:23 Great Hall
07:23 Fortress
07:27 Beastiary
08:59 Beastiary
09:34 Orc Burrow
09:37 Orc Burrow
10:45 Orc Burrow
10:47 Orc Burrow
11:41 War Mill
13:09 Watch Tower
14:06 Watch Tower
14:11 Watch Tower
14:16 Watch Tower
19:05 Watch Tower
19:07 Watch Tower
19:08 Watch Tower
19:09 Watch Tower
19:10 Watch Tower
19:12 Watch Tower
19:17 Great Hall
20:01 Great Hall
22:18 Great Hall
22:41 Great Hall
24:11 Great Hall
25:35 Great Hall
27:40 Great Hall
» items
| Healing Salve | 6 | |
| Orb of Lightning | 1 | |
| Potion of Healing | 4 | |
| Lesser Clarity Potion | 4 | |
| Scroll of Speed | 1 | |
| Potion of Mana | 1 | |
| Scroll of Town Portal | 1 | |
| Potion of Lesser Invulnerability | 2 | |
20 total
eMiNeM.X (
orange | 89 APM | 2029 actions | 22:52)
4 Tauren Chieftain
2 War Stomp
2 Endurance Aura
3 Shadow Hunter
1 Hex
2 Healing Wave
» actions
| Assign group hotkey | 31 | |
| Basic commands | 94 | |
| Build / train | 78 | |
| ESC pressed | 2 | |
| Enter build submenu | 22 | |
| Enter hero's abilities submenu | 7 | |
| Give item / drop item | 2 | |
| Right click | 716 | |
| Select / deselect | 494 | |
| Select group hotkey | 522 | |
| Use ability | 61 | |
2029 total
» units
| Peon | 17 | |
| Grunt | 6 | |
| Wind Rider | 11 | |
| Kodo Beast | 1 | |
| Demolisher | 8 | |
| Troll Batrider | 3 | |
46 total
» upgrades
| Ranged Weapons | 3 | |
| Envenomed Spears | 1 | |
| War Drums Damage Increase | 1 | |
| Burning Oil | 1 | |
| Pillage | 1 | |
| Reinforced Defenses | 1 | |
8 total
» buildings
| Altar of Storms | 1 | |
| Orc Burrow | 7 | |
| Barracks | 2 | |
| Voodoo Lounge | 1 | |
| Great Hall | 1 | |
| Stronghold | 1 | |
| War Mill | 1 | |
| Beastiary | 2 | |
| Fortress | 1 | |
| Watch Tower | 4 | |
21 total
» build order
00:06 Altar of Storms
00:19 Orc Burrow
00:35 Barracks
01:29 Orc Burrow
01:44 Voodoo Lounge
03:33 Great Hall
04:03 Stronghold
04:27 Orc Burrow
04:50 War Mill
06:27 Beastiary
06:28 Beastiary
06:52 Orc Burrow
08:02 Fortress
09:09 Orc Burrow
11:13 Orc Burrow
13:03 Barracks
13:19 Orc Burrow
15:08 Watch Tower
15:09 Watch Tower
16:51 Watch Tower
17:21 Watch Tower
» items
| Healing Salve | 3 | |
| Potion of Healing | 2 | |
| Potion of Mana | 1 | |
| Orb of Lightning | 1 | |
7 total
team 2 (winner)
RicharddCranium (
green | 58 APM | 659 actions | 11:25)
3 Mountain King
2 Storm Bolt
1 Bash
1 Paladin
1 Holy Light
» actions
| Assign group hotkey | 15 | |
| Basic commands | 54 | |
| Build / train | 41 | |
| Enter build submenu | 14 | |
| Enter hero's abilities submenu | 5 | |
| Give item / drop item | 1 | |
| Right click | 148 | |
| Select / deselect | 180 | |
| Select group hotkey | 168 | |
| Use ability | 33 | |
659 total
» units
| Peasant | 12 | |
| Footman | 13 | |
| Goblin Shredder | 1 | |
26 total
» upgrades
| Defend | 1 | |
| Lumber Harvesting | 1 | |
2 total
» buildings
| Altar of Kings | 1 | |
| Farm | 6 | |
| Barracks | 1 | |
| Lumber Mill | 1 | |
| Scout Tower | 1 | |
| Arcane Tower | 1 | |
| Keep | 1 | |
| Town Hall | 1 | |
| Castle | 1 | |
| Arcane Vault | 1 | |
| Blacksmith | 1 | |
16 total
» build order
00:20 Altar of Kings
00:35 Farm
00:49 Barracks
00:55 Farm
01:04 Lumber Mill
01:44 Farm
01:54 Scout Tower
02:22 Arcane Tower
03:38 Keep
03:50 Farm
04:47 Town Hall
06:08 Castle
08:03 Farm
08:05 Arcane Vault
08:18 Farm
08:44 Blacksmith
» items
| Boots of Speed | 1 | |
| Potion of Healing | 1 | |
| Scroll of Regeneration | 1 | |
3 total
RodAlmighty (
red | 68 APM | 2694 actions | 39:48)
6 Blood Mage
3 Flame Strike
2 Banish
1 Summon Phoenix
» actions
| Assign group hotkey | 38 | |
| Basic commands | 71 | |
| Build / train | 246 | |
| ESC pressed | 7 | |
| Enter build submenu | 78 | |
| Enter hero's abilities submenu | 6 | |
| Give item / drop item | 21 | |
| Right click | 961 | |
| Select / deselect | 392 | |
| Select group hotkey | 623 | |
| Use ability | 251 | |
2694 total
» units
| Peasant | 14 | |
| Footman | 12 | |
| Goblin Shredder | 2 | |
| Sorceress | 1 | |
| Dragonhawk Rider | 3 | |
| Gryphon Rider | 2 | |
34 total
» upgrades
| Masonry | 3 | |
| Lumber Harvesting | 2 | |
| Sorceress Training | 1 | |
| Magic Sentry | 1 | |
| Swords | 3 | |
| Armor | 3 | |
| Animal War Training | 1 | |
| Cloud | 1 | |
| Storm Hammers | 1 | |
16 total
» buildings
| Altar of Kings | 2 | |
| Barracks | 1 | |
| Farm | 7 | |
| Lumber Mill | 1 | |
| Arcane Vault | 1 | |
| Scout Tower | 54 | |
| Arcane Tower | 6 | |
| Town Hall | 2 | |
| Keep | 3 | |
| Guard Tower | 123 | |
| Arcane Sanctum | 1 | |
| Gryphon Aviary | 6 | |
| Castle | 2 | |
| Blacksmith | 2 | |
211 total
» build order
00:45 Altar of Kings
00:46 Barracks
00:49 Altar of Kings
00:51 Farm
01:05 Farm
01:43 Farm
01:45 Lumber Mill
02:32 Arcane Vault
02:37 Scout Tower
02:52 Farm
03:06 Arcane Tower
03:07 Arcane Tower
04:03 Scout Tower
04:30 Town Hall
04:38 Arcane Tower
04:38 Arcane Tower
05:19 Scout Tower
05:22 Farm
05:44 Keep
05:44 Keep
05:48 Scout Tower
05:50 Scout Tower
05:54 Scout Tower
07:01 Guard Tower
07:02 Guard Tower
07:02 Guard Tower
07:02 Guard Tower
07:43 Scout Tower
07:45 Scout Tower
07:47 Scout Tower
07:49 Scout Tower
08:15 Guard Tower
08:15 Guard Tower
08:17 Guard Tower
08:17 Guard Tower
08:17 Guard Tower
08:17 Guard Tower
08:19 Guard Tower
08:20 Guard Tower
10:10 Guard Tower
10:10 Guard Tower
10:10 Guard Tower
10:14 Arcane Sanctum
10:16 Scout Tower
10:17 Scout Tower
10:18 Scout Tower
10:20 Scout Tower
10:21 Scout Tower
10:23 Scout Tower
10:34 Gryphon Aviary
10:35 Gryphon Aviary
10:39 Gryphon Aviary
10:43 Scout Tower
10:44 Scout Tower
10:44 Scout Tower
10:46 Scout Tower
10:48 Scout Tower
11:28 Guard Tower
11:28 Guard Tower
11:29 Guard Tower
11:29 Guard Tower
11:29 Guard Tower
11:29 Guard Tower
11:30 Guard Tower
11:30 Guard Tower
11:30 Guard Tower
11:30 Guard Tower
11:34 Guard Tower
11:34 Guard Tower
11:34 Guard Tower
11:42 Scout Tower
11:44 Scout Tower
12:01 Scout Tower
12:02 Scout Tower
12:08 Scout Tower
12:09 Scout Tower
12:13 Guard Tower
12:13 Guard Tower
12:13 Guard Tower
12:15 Scout Tower
12:17 Scout Tower
12:45 Guard Tower
12:45 Guard Tower
12:46 Guard Tower
12:46 Guard Tower
12:46 Guard Tower
12:47 Guard Tower
12:47 Guard Tower
12:47 Guard Tower
12:48 Guard Tower
12:48 Guard Tower
12:49 Guard Tower
12:49 Guard Tower
12:49 Guard Tower
12:58 Scout Tower
12:59 Scout Tower
13:00 Scout Tower
13:03 Scout Tower
13:08 Scout Tower
13:13 Scout Tower
13:13 Scout Tower
13:14 Scout Tower
13:15 Scout Tower
13:19 Scout Tower
13:24 Guard Tower
13:24 Guard Tower
14:08 Guard Tower
14:08 Guard Tower
14:09 Guard Tower
14:09 Guard Tower
14:10 Guard Tower
14:10 Guard Tower
14:11 Guard Tower
14:11 Guard Tower
14:26 Scout Tower
14:26 Scout Tower
14:28 Scout Tower
14:28 Scout Tower
14:30 Scout Tower
14:32 Guard Tower
14:33 Guard Tower
14:33 Guard Tower
14:35 Castle
14:36 Castle
14:50 Guard Tower
14:50 Guard Tower
14:50 Guard Tower
15:04 Guard Tower
15:04 Guard Tower
15:05 Guard Tower
15:05 Guard Tower
15:05 Guard Tower
15:05 Guard Tower
15:28 Guard Tower
15:32 Guard Tower
15:32 Guard Tower
15:32 Guard Tower
15:33 Guard Tower
17:35 Scout Tower
17:36 Scout Tower
17:36 Scout Tower
17:41 Scout Tower
17:42 Scout Tower
18:01 Gryphon Aviary
18:02 Gryphon Aviary
18:03 Gryphon Aviary
18:07 Blacksmith
18:09 Guard Tower
18:09 Guard Tower
18:09 Guard Tower
18:10 Guard Tower
19:04 Guard Tower
19:04 Guard Tower
19:04 Guard Tower
19:04 Guard Tower
19:14 Blacksmith
19:26 Farm
20:46 Farm
27:08 Town Hall
27:10 Scout Tower
27:11 Scout Tower
27:11 Scout Tower
27:12 Scout Tower
27:14 Scout Tower
27:43 Guard Tower
27:44 Guard Tower
27:44 Guard Tower
27:44 Guard Tower
28:14 Guard Tower
28:15 Guard Tower
» items
| Scroll of Regeneration | 8 | |
| Mantle of Intelligence +3 | 1 | |
| Lesser Clarity Potion | 6 | |
| Healing Salve | 1 | |
| Potion of Mana | 2 | |
| Boots of Speed | 1 | |
| Potion of Invulnerability | 1 | |
| Potion of Invisibility | 4 | |
| Scroll of Town Portal | 5 | |
| Pendant of Energy | 3 | |
| Replenishment Potion | 1 | |
| Staff of Teleportation | 2 | |
| Periapt of Vitality | 1 | |
| Mana Stone | 2 | |
38 total
SODAGUZZLR (
teal | 54 APM | 2101 actions | 39:00)
6 Blademaster
3 Wind Walk
2 Critical Strike
1 Bladestorm
1 Paladin
1 Holy Light
» actions
| Assign group hotkey | 38 | |
| Basic commands | 18 | |
| Build / train | 61 | |
| Enter build submenu | 30 | |
| Enter hero's abilities submenu | 8 | |
| Give item / drop item | 3 | |
| Right click | 827 | |
| Select / deselect | 280 | |
| Select group hotkey | 633 | |
| Use ability | 203 | |
2101 total
» units
| Peon | 15 | |
| Goblin Shredder | 2 | |
| Wind Rider | 4 | |
| Troll Batrider | 6 | |
| Raider | 3 | |
30 total
» upgrades
| Reinforced Defenses | 1 | |
| Envenomed Spears | 1 | |
| Ranged Weapons | 2 | |
| Armor | 1 | |
5 total
» buildings
| Altar of Storms | 1 | |
| Orc Burrow | 10 | |
| Voodoo Lounge | 1 | |
| War Mill | 1 | |
| Stronghold | 1 | |
| Great Hall | 3 | |
| Beastiary | 3 | |
| Fortress | 1 | |
| Watch Tower | 56 | |
77 total
» build order
00:20 Altar of Storms
00:24 Orc Burrow
01:05 Voodoo Lounge
01:50 War Mill
02:17 Stronghold
02:49 Orc Burrow
02:50 Orc Burrow
03:39 Orc Burrow
04:12 Great Hall
05:02 Beastiary
06:09 Fortress
06:12 Beastiary
07:39 Watch Tower
07:40 Watch Tower
07:40 Watch Tower
08:14 Watch Tower
08:15 Watch Tower
10:07 Watch Tower
10:07 Watch Tower
10:08 Watch Tower
10:08 Watch Tower
10:09 Watch Tower
10:10 Watch Tower
10:11 Watch Tower
10:13 Watch Tower
10:13 Watch Tower
10:14 Watch Tower
10:57 Watch Tower
10:57 Watch Tower
10:58 Watch Tower
10:59 Watch Tower
11:00 Watch Tower
11:01 Watch Tower
11:42 Watch Tower
11:43 Watch Tower
11:43 Watch Tower
11:44 Watch Tower
11:49 Watch Tower
11:49 Watch Tower
11:51 Watch Tower
11:51 Watch Tower
12:14 Beastiary
13:38 Watch Tower
13:38 Watch Tower
13:39 Watch Tower
13:41 Watch Tower
13:48 Orc Burrow
14:23 Watch Tower
14:23 Watch Tower
15:09 Great Hall
15:44 Watch Tower
15:44 Watch Tower
15:54 Watch Tower
15:55 Watch Tower
21:57 Watch Tower
21:58 Watch Tower
21:58 Watch Tower
22:03 Watch Tower
22:08 Watch Tower
23:26 Watch Tower
23:27 Watch Tower
23:27 Watch Tower
26:33 Watch Tower
26:33 Watch Tower
26:33 Watch Tower
27:40 Watch Tower
27:40 Watch Tower
27:40 Watch Tower
27:41 Watch Tower
27:41 Watch Tower
30:22 Great Hall
30:26 Orc Burrow
30:27 Orc Burrow
30:27 Orc Burrow
30:27 Orc Burrow
30:28 Orc Burrow
» items
| Healing Salve | 4 | |
| Lesser Clarity Potion | 1 | |
| Scroll of Town Portal | 1 | |
| Orb of Lightning | 1 | |
| Potion of Mana | 1 | |
| Staff of Teleportation | 1 | |
| Boots of Speed | 1 | |
| Potion of Lesser Invulnerability | 1 | |
| Tiny Great Hall | 1 | |
| Book of the Dead | 1 | |
| Replenishment Potion | 1 | |
| Potion of Invulnerability | 1 | |
15 total

»
infierno (
pink | 47 APM | 471 actions | 09:56)
3 Far Seer
2 Feral Spirit
1 Chain Lighting
» actions
| Basic commands | 1 | |
| Build / train | 22 | |
| Enter build submenu | 19 | |
| Enter hero's abilities submenu | 3 | |
| Right click | 201 | |
| Select / deselect | 173 | |
| Use ability | 52 | |
471 total
» units
| Peon | 7 | |
| Troll Headhunter/Berserker | 6 | |
| Goblin Shredder | 1 | |
14 total
» buildings
| Orc Burrow | 5 | |
| Altar of Storms | 1 | |
| War Mill | 1 | |
| Barracks | 2 | |
| Voodoo Lounge | 1 | |
| Watch Tower | 8 | |
| Great Hall | 1 | |
19 total
» build order
00:28 Orc Burrow
00:32 Altar of Storms
01:09 War Mill
01:24 Barracks
01:41 Barracks
01:58 Orc Burrow
02:00 Orc Burrow
02:43 Voodoo Lounge
03:14 Orc Burrow
03:55 Watch Tower
05:15 Great Hall
05:59 Watch Tower
06:00 Watch Tower
06:16 Watch Tower
06:18 Watch Tower
06:29 Watch Tower
07:33 Orc Burrow
09:35 Watch Tower
09:40 Watch Tower
» items
| Healing Salve | 2 | |
| Lesser Clarity Potion | 1 | |
3 total
Chat log
(00:23 / Allies) infierno: hh shamn dcos
(00:42 / Allies) RicharddCranium: they have two orcs
(00:44 / Allies) RicharddCranium: get a toewr
(02:57 / All) SODAGUZZLR: so how has the ladder reset been treating all of u
(04:01 / Allies) SODAGUZZLR: wyvern bats we need melee yo
(04:08 / Allies) RicharddCranium: not mee
(04:25 / Allies) SODAGUZZLR: what are u getting plz dont say tanks or griffs
(04:33 / Allies) RicharddCranium: lol
(05:59 / Allies) RicharddCranium: well im fucked
(06:47 / Allies) RicharddCranium: helpo
(06:59 / Allies) RicharddCranium: a blademaster creeping
(07:00 / Allies) SODAGUZZLR: relax im coming
(07:02 / Allies) SODAGUZZLR: its just 1
(07:02 / Allies) RicharddCranium: why
(07:08 / Allies) RicharddCranium: its two dumb fuck
(07:13 / Allies) RicharddCranium: yeam im tking
(07:15 / Allies) SODAGUZZLR: ur fine fool
(07:15 / Allies) RicharddCranium: you die teal
(07:18 / Allies) RicharddCranium: nah
(07:19 / Allies) RicharddCranium: you wont be
(07:28 / All) RicharddCranium: teal is a blademaster creeping
(07:30 / Allies) RodAlmighty: wow you are a big baby
(07:31 / All) RicharddCranium: and takes the shredder
(07:36 / All) RicharddCranium: and forces me to go to enemey grounds
(07:39 / All) RicharddCranium: and lose my shredder
(07:40 / All) RodAlmighty: Green did your mother forget to change your diapers today?
(07:41 / All) RicharddCranium: tk time
(07:44 / All) SODAGUZZLR: they dont care retard
(08:28 / Allies) SODAGUZZLR: u arent gonna kill my base wiht miltia tp crybaby
(08:31 / All) ROFLMYTEAMSUCKS: no mates pink?
(08:32 / All) SODAGUZZLR: green is such a baby
(08:47 / Allies) RodAlmighty: help pink teal
(08:50 / Allies) RodAlmighty: I'm omw pink
(09:49 / Allies) RodAlmighty: ?
(10:07 / Allies) RodAlmighty: pink didn't even do anything to you idiot
(10:27 / All) SODAGUZZLR: green harasses u guys, he gets raped by 2 players then blames me for creeping
(10:37 / All) RicharddCranium: you crept with one baldemaster
(10:40 / All) RicharddCranium: and took the shredder
(10:45 / All) SODAGUZZLR: quit ur whining baby
(10:53 / All) SODAGUZZLR: obviously ur starting ladder off badly
(11:12 / Allies) RicharddCranium: the sad part is
(11:16 / Allies) RicharddCranium: red is still here
(11:20 / Allies) RicharddCranium: thinkin he has a chance
(13:16 / Allies) RodAlmighty: good work man
(14:56 / All) SODAGUZZLR: bitch
(15:02 / All) eMiNeM.X: plz leave
(15:22 / All) SODAGUZZLR: y leave when i pawn u
(15:28 / All) RodAlmighty: ^^^^
(15:29 / All) ROFLMYTEAMSUCKS: youre garbage
(15:30 / All) RodAlmighty: y leave when u lose
(15:33 / All) eMiNeM.X: good lord...
(15:33 / All) RodAlmighty: blue
(15:35 / All) SODAGUZZLR: cry baby cry
(15:35 / All) RodAlmighty: you lost every worker
(15:37 / All) RodAlmighty: to 1 hero
(15:39 / All) eMiNeM.X: damn ladder reset
(15:40 / All) RodAlmighty: don't call us bad LOL
(15:40 / All) ROFLMYTEAMSUCKS: and....
(15:47 / All) RodAlmighty: and u lose
(15:53 / All) ROFLMYTEAMSUCKS: i have 4k
(15:55 / All) ROFLMYTEAMSUCKS: dont need peons
(16:02 / All) RodAlmighty: hahaha sure buddy
(16:12 / All) RodAlmighty: and what about when you lose your army
(16:14 / All) RodAlmighty: 4 times in a row
(16:18 / All) RodAlmighty: u will be out of gold
(17:10 / All) RodAlmighty: lol
(18:24 / All) RodAlmighty: just leave noobs
(18:30 / All) RodAlmighty: I own you anyday anywhere
(18:31 / All) SODAGUZZLR: cry babiesss
(19:58 / All) RodAlmighty: nice try
(20:04 / All) eMiNeM.X: leave holy fuck
(20:05 / All) SODAGUZZLR: nerdds
(20:07 / All) eMiNeM.X: hate ladder resets
(20:08 / All) eMiNeM.X: christ
(20:11 / All) SODAGUZZLR: cry baby
(20:12 / All) RodAlmighty: why
(20:17 / All) RodAlmighty: because you aren't 20%
(20:23 / All) RodAlmighty: with layers on ur level
(20:25 / All) ROFLMYTEAMSUCKS: yellow is killing him
(20:30 / All) RodAlmighty: leave faggot
(21:23 / All) ROFLMYTEAMSUCKS: ahhhhh
(21:24 / All) RodAlmighty: lol!!!!
(21:25 / All) SODAGUZZLR: nice harass noob
(21:27 / All) SODAGUZZLR: nigger noob
(21:47 / All) SODAGUZZLR: we were tking each other all game and ur still gonna lose
(21:57 / All) ROFLMYTEAMSUCKS: they are doing that now lol
(22:41 / All) eMiNeM.X: fucking clowns in this game holy shit
(22:50 / All) eMiNeM.X: not worth the 6 hour game
(22:55 / All) RodAlmighty: LOL
(23:04 / All) SODAGUZZLR: he use dto be higher ranked i think
(24:21 / All) RodAlmighty: just leave asshole
(24:39 / All) RodAlmighty: hahahaha
(24:43 / All) RodAlmighty: you won't get it once trust me
(24:57 / All) ROFLMYTEAMSUCKS: dont really care
(25:04 / All) SODAGUZZLR: YET UR STILL HERE MY BOY
(25:04 / All) ROFLMYTEAMSUCKS: ill play all night to see how this goesa
(25:14 / All) RodAlmighty: sure you don't care, dummy
(25:22 / All) ROFLMYTEAMSUCKS: im smoking n watching right now lol
(25:34 / All) ProMusicMan: lol
(25:54 / All) SODAGUZZLR: i remember rockstone he always goes bm and harasses all game long
(27:16 / Allies) RodAlmighty: gold me
(27:25 / Allies) RodAlmighty: thanks
(28:12 / All) ROFLMYTEAMSUCKS: nerd lol
(28:27 / All) ROFLMYTEAMSUCKS: well it is a game and i can find another
(28:30 / All) RodAlmighty: bye
(28:30 / All) SODAGUZZLR: dat a dead dwarf
(28:30 / All) RodAlmighty: out
(28:41 / All) SODAGUZZLR: lawl
(28:43 / All) SODAGUZZLR: jokes on u i guess
(28:45 / All) RodAlmighty: I have 3 pendants of energy
(28:59 / All) RodAlmighty: this is why I love this map
(29:02 / All) RodAlmighty: 3 pendants is insane
(29:04 / All) RodAlmighty: can't get that on any other
(29:08 / All) SODAGUZZLR: green was such a baby i swear
(29:12 / All) RodAlmighty: unlimited flamestrike
(29:12 / All) SODAGUZZLR: he probably did hack
(29:29 / All) SODAGUZZLR: he was getting pissed at me when it was just oj and 4 grunts he had
(30:07 / All) RodAlmighty: am I lagging?
(30:16 / All) SODAGUZZLR: no
(30:46 / All) SODAGUZZLR: u have more mana than hp rod
(31:16 / All) RodAlmighty: some fag trying to download 30 episodes of conan on btn again
(31:25 / All) RodAlmighty: yea lawl
(31:55 / All) RodAlmighty: Gonna get a 4th pendant
(31:57 / All) SODAGUZZLR: rockstone nver talks
(32:11 / All) RodAlmighty: wow
(32:14 / All) RodAlmighty: it went out of the marketplace
(32:16 / All) RodAlmighty: as soon as I got there
(32:22 / All) RodAlmighty: least I can get a manastone
(33:34 / All) RodAlmighty: 2nd mana stonei nc
(33:41 / All) ProMusicMan: What's the kid from the simpons that always goes "HAHA"
(33:45 / All) ProMusicMan: I'm doing that to purple right now
(33:47 / All) ProMusicMan: HAHA
(33:47 / All) RodAlmighty: 2 mana stones, 3p endants
(33:48 / All) SODAGUZZLR: nelson
(33:52 / All) SODAGUZZLR: nelson munts
(34:15 / All) SODAGUZZLR: not sure canadians get simpsons to air on their tvs
(34:48 / All) RodAlmighty: I have 990 mana
(35:01 / All) RodAlmighty: LOL
(35:05 / All) RodAlmighty: JAKE JUST DIED TO SPIKED DEFENSES
(35:08 / All) RodAlmighty: HIS BM
(35:11 / All) SODAGUZZLR: really
(35:21 / All) RodAlmighty: that made me laugh out loud
(35:24 / All) SODAGUZZLR: who the hell gets that
(35:32 / All) ProMusicMan: purple is speaking wetback to me
(35:43 / All) ProMusicMan: Speak english or die
(36:01 / All) RodAlmighty: I can cast 8 flame strikes before I run out of mana
(36:44 / All) SODAGUZZLR: or u a jajaja brazilian or a mexicano purple
(36:48 / All) RodAlmighty: and only halfway through my mana
(36:53 / All) RodAlmighty: 2 mana stones means it regenerates so fast
(38:05 / All) ProMusicMan: ALL SPEAK IN ALL WETBACK
(38:08 / All) RodAlmighty: I want a 4th pendant but none for sale
(38:21 / All) SODAGUZZLR: DONDE ESTA
(38:37 / All) ProMusicMan: Go bake me a taco
(38:38 / All) SODAGUZZLR: UPLoad this i want to see
(38:42 / All) SODAGUZZLR: profile oj
(38:52 / All) ProMusicMan: Go back me a taco beaner